 Dungeon Crawl Stone Soup version 0.21-a0-91-ga5031da (webtiles) character file.

46 grindst0ne the Chiller (level 3, 26/27 HPs)
             Began as a Draconian Ice Elementalist on June 30, 2017.
             Got out of the dungeon alive.
             The game lasted 00:05:30 (2395 turns).

grindst0ne the Chiller (Draconian Ice Elementalist) Turns: 2395, Time: 00:05:31

Health: 26/27      AC:  6    Str: 10    XL:     3   Next: 44%
Magic:  6/6        EV: 12    Int: 16    God:
Gold:   74         SH:  0    Dex: 11    Spells: 0/6 levels left

rFire    . . .     SeeInvis .   (no weapon)
rCold    . . .     Gourm    .   (no shield)
rNeg     . . .     Faith    .   (armour unavailable)
rPois    .         Spirit   .   (helmet restricted)
rElec    .         Reflect  .   m - +0 cloak
rCorr    .         Harm     .   (no gloves)
MR       .....                  (no boots)
Stlth    ++........             (no amulet)
HPRegen  0.09/turn              (no ring)
MPRegen  0.10/turn              (no ring)

@: no status effects
A: unfitting armour, cold-blooded, AC +5
a: no special abilities


You escaped.
You were not hungry.

You visited 1 branch of the dungeon, and saw 2 of its levels.

You collected 74 gold pieces.

Inventory:

Armour
 m - a +0 cloak (worn)
Scrolls
 c - a scroll of identify
 d - 4 scrolls of remove curse
 e - a scroll of teleportation {unknown}
 f - 2 scrolls of recharging {unknown}
 g - 2 scrolls of fear {unknown}
 i - a scroll of noise {unknown}
 j - a scroll of immolation {unknown}
Potions
 k - a potion of heal wounds {unknown}
 l - a potion of lignification {unknown}
 n - a potion of magic {unknown}
 o - 2 potions of might {unknown}
Books
 a - a book of Frost

   Spells                             Type                      Level
   a - Freeze                         Ice                          1
   b - Throw Frost                    Conjuration/Ice              2
   c - Ozocubu's Armour               Charms/Ice                   3
   d - Throw Icicle                   Conjuration/Ice              4
   e - Summon Ice Beast               Ice/Summoning                4
Comestibles
 b - 3 bread rations
 h - a chunk of flesh


   Skills:
 + Level 0.4 Fighting
 + Level 2.5 Dodging
 + Level 1.9 Stealth
 + Level 0.8 Unarmed Combat
 + Level 2.1 Spellcasting
 + Level 1.0 Conjurations
 + Level 3.5 Ice Magic


You couldn't memorise any spells.
You knew the following spells:

 Your Spells              Type           Power        Failure   Level  Hunger
a - Freeze                Ice            ##..         4%          1    #......
b - Throw Frost           Conj/Ice       #.....       12%         2    ###....
c - Ozocubu's Armour      Chrm/Ice       #.......     30%         3    ###....


Dungeon Overview and Level Annotations

Branches:
Dungeon (2/15)

Altars:
Nemelex Xobeh
Zin
The Shining One


Innate Abilities, Weirdness & Mutations

Your plain brown scales are hard. (AC +5)
You cannot fit into any form of body armour.
You are cold-blooded and may be slowed by cold attacks.


Message History

The bat barely misses you. x2
The bat hits you but does no damage. x2
The bat hits you but does no damage.
A frilled lizard comes into view.
The bat hits you but does no damage. x2
The bat hits you. The bat closely misses you.
The bat hits you but does no damage. The bat hits you but does no damage.
The bat hits you. The bat barely misses you.
You open the door. The bat misses you. The bat barely misses you.
There is an open door here.
The bat hits you but does no damage. The bat barely misses you.
There is a staircase leading out of the dungeon here.
Are you sure you want to leave the Dungeon?
This will make you lose the game!
Alright, then stay!
Are you sure you want to leave the Dungeon?
This will make you lose the game! The bat completely misses you.
You have escaped!

..# #.####.# #..#######... ..#
##.## #.# #..........#. #.#
#...###.# #.########### ..#
#.#..##.## #.# # ###
#l...##..#### #.# # ##
##.#.##.....# #.# ## .##
#.#.##..##'## #.# ##. ..##
#.l.....#.b.# #.### ##.. ...##
###.###.'.@.# #.#.## ##...
....####...####...###....####....
....'........###+##.........'....
....####...### #..###....####....
...## ##.## ##.# #.#.## ##...
..## #.# #.# #.#.# ##.. .####
#.## #.# #.#(# ##. ....# #..#
#.###.#.# ## ###.# ##.# #.......#
#


You could see a bat.

Vanquished Creatures
  3 adders (D:2)
  2 leopard geckos (D:2)
  2 bats (D:1)
  2 giant cockroaches (D:1)
  4 jackals (D:2)
  2 frilled lizards
  2 rats
17 creatures vanquished.

Notes
Turn   | Place    | Note
-------+----------+-------------------------------------------
     0 | D:1      | grindst0ne the Draconian Ice Elementalist began the quest for the Orb.
     0 | D:1      | Reached XP level 1. HP: 14/14 MP: 3/3
  1397 | D:2      | Found a glowing silver altar of Zin.
  1439 | D:2      | Reached XP level 2. HP: 13/20 MP: 5/5
  1550 | D:2      | Learned a level 2 spell: Throw Frost
  2014 | D:2      | Reached XP level 3. HP: 24/26 MP: 2/6
  2260 | D:2      | Found a glowing golden altar of the Shining One.
  2272 | D:2      | Found a sparkling altar of Nemelex Xobeh.
  2326 | D:2      | Learned a level 3 spell: Ozocubu's Armour
  2395 | D:$      | Got out of the dungeon alive.

Vault maps used:
D:1:      dpeg_arrival_tiny_g
D:2:      lemuel_crystal_altar, overflow_temple_1_default,
          amethyst_overflow_temple_binary, first_bread, minivault_24

Skill      XL: |  1 |
---------------+----+-----
Dodging        | 2 |  2.5
Fighting       | |  0.4
Stealth        | |  1.9
Unarmed Combat | |  0.8
Spellcasting   | |  2.1
Conjurations   | |  1.0
Ice Magic      | |  3.5

Action                   || total
-------------------------++-------
Melee: Unarmed           ||   155
       Tailslap          ||    15
 Cast: Freeze            ||     6
       Throw Frost       ||     3
  Use: Scroll            ||     2
       Potion            ||     1
  Eat: Chunk             ||     5
Armor: Skin              ||    85
Dodge: Dodged            ||   130
